 Dungeon Crawl Stone Soup version 0.27-a0-1378-gdefffd1ff6 (webtiles) character file.

Game seed: 9559040771322461135

32 tilp the Caller (level 3, -1/27 HPs)
             Began as a Barachi Summoner on June 29, 2021.
             Slain by a gnoll (4 damage)
             ... on level 2 of the Dungeon.
             The game lasted 00:02:31 (2185 turns).

tilp the Caller (Barachi Summoner)                  Turns: 2185, Time: 00:02:32

Health: -1/27      AC:  4    Str: 10    XL:     3   Next: 27%
Magic:  1/7        EV: 12    Int: 15    God:
Gold:   53         SH:  0    Dex: 12    Spells: 4/7 levels left

rFire    . . .     SeeInvis .   a - +0 spear
rCold    . . .     Faith    .   (no shield)
rNeg     . . .     Spirit   .   c - +0 robe
rPois    .         Reflect  .   (no helmet)
rElec    .         Harm     .   g - +0 cloak
rCorr    .         Rampage  .   h - +0 pair of gloves
Will     .....                  (no boots)
Stlth    ++........             (no amulet)
HPRegen  0.09/turn              (no ring)
MPRegen  0.10/turn              (no ring)

@: unable to hop, slow
A: amphibious, slowness 1, strong legs 1, +LOS
a: Hop


You were on level 2 of the Dungeon.
You visited 1 branch of the dungeon, and saw 2 of its levels.

You collected 53 gold pieces.

Inventory:

Hand Weapons
 a - a +0 spear (weapon)
Armour
 c - a +0 robe (worn)
 g - a +0 cloak (worn)
 h - a +0 pair of gloves (worn)
Jewellery
 b - a ring of ice
 e - a +6 ring of intelligence
Wands
 f - a wand of mindburst (12)
Potions
 d - a potion of heal wounds {unknown}


   Skills:
 - Level 2.0 Fighting
 - Level 2.1 Dodging
 - Level 1.7 Stealth
 + Level 2.7 Spellcasting
 + Level 5.2 Summonings


You had 4 spell levels left.
You knew the following spells:

 Your Spells              Type           Power      Damage    Failure   Level
a - Summon Small Mammal   Summ           68%        N/A       2%          1
b - Call Imp              Summ           17%        N/A       3%          2

Your spell library contained the following spells:

 Spells                   Type           Power      Damage    Failure   Level
 Call Canine Familiar     Summ           17%        N/A       7%          3
 Summon Guardian Golem    Hex/Summ       9%         N/A       22%         3
 Summon Ice Beast         Ice/Summ       9%         N/A       56%         4
 Summon Lightning Spire   Summ/Air       9%         N/A       56%         4


Dungeon Overview and Level Annotations

Branches:
Dungeon (2/15)

Altars:


Innate Abilities, Weirdness & Mutations

You are amphibious.
You cover ground slowly.
You can hop short distances.
You have an extended range of vision and can be seen from far away.


Message History

The gnoll is heavily wounded.
The gnoll hits you with a +0 club.
* * * LOW HITPOINT WARNING * * *
Unknown command.
Unknown command.
You hit the gnoll but do no damage.
The gnoll is heavily wounded.
Your crimson imp hits the gnoll but does no damage.
Your crimson imp blinks!
The gnoll closely misses your crimson imp.
Unknown command.
You hit the gnoll.
The gnoll is heavily wounded.
Your crimson imp barely misses the gnoll.
Your crimson imp hits the gnoll but does no damage.
The gnoll barely misses you.
Your crimson imp barely misses the gnoll.
Unknown command.
You hit the gnoll but do no damage.
The gnoll is heavily wounded.
Your crimson imp blinks!
The gnoll hits you with a +0 club.
* * * LOW HITPOINT WARNING * * *
Your crimson imp blinks!
Unknown command.
The gnoll barely misses you.
Your crimson imp blinks!
Unknown command.
Your crimson imp blinks!
Unknown command.
Casting: Call Imp (safe; 3% risk of failure)
Confirm with . or Enter, or press ? or * to list all spells.
A beastly little devil appears in a puff of frigid air.
The gnoll hits you with a +0 club.
* * * LOW HITPOINT WARNING * * *
Your crimson imp blinks!
Unknown command.
Unknown command.
Your white imp barely misses the gnoll.
The gnoll hits you with a +0 club.
You die...

.....# #.# ##.####.#
.###.# #.# #.......#
. ..# #.# #.#.###.#
#_# #.###.#..##.#
##. #.....##.##.#
##. ########.##.#
#.##.# ##.# #..#.#
...# ##@#.# ##....
#gg.# .. #####..#
...##....5.#
##...#.....##...55.#
......#.... #...§.>#
##.........##..†...#
..###.#.#..##.)....#
........... #5.....#


You could see 2 gnolls, a friendly crimson imp (summoned) and a friendly white
imp (summoned).

Vanquished Creatures
  A bat (D:2)
  An endoplasm (D:2)
  3 hobgoblins
  A rat (D:1)
6 creatures vanquished.

Vanquished Creatures (collateral kills)
  2 gnolls
  An adder (D:2)
  2 ball pythons
  3 endoplasms (D:1)
  A hobgoblin (D:2)
  3 jackals (D:2)
  A bat (D:2)
  2 rats
15 creatures vanquished.

Grand Total: 21 creatures vanquished

Notes
Turn   | Place    | Note
-------+----------+-------------------------------------------
     0 | D:1      | tilp the Barachi Summoner began the quest for the Orb.
     0 | D:1      | Reached XP level 1. HP: 13/13 MP: 3/3
   427 | D:1      | Reached skill level 1 in Fighting
   811 | D:1      | Reached XP level 2. HP: 22/22 MP: 5/5
   972 | D:1      | Learned a level 2 spell: Call Imp
  1598 | D:2      | Reached skill level 5 in Summonings
  1849 | D:2      | Reached XP level 3. HP: 27/27 MP: 1/6
  2059 | D:2      | Found a faded altar of an unknown god.
  2185 | D:2      | Slain by a gnoll

Illustrated notes

Levels and vault maps discovered:
D:1:      amcnicky_arrival_feature_with_door, layout_basic
D:2:      layout_basic, ebering_ecumenical_altar_rust

Skill      XL: |  1  2 |
---------------+-------+-----
Fighting       | 1 2 |  2.0
Summonings     | 5 |  5.2
Dodging        | |  2.1
Stealth        | |  1.7
Spellcasting   | |  2.7

Action                   || total
-------------------------++-------
Melee: Spear             ||    40
       Unarmed           ||     1
 Cast: Summon Small Mamm ||    16
       Call Imp          ||    19
 Abil: Hop               ||     2
Armor: Robe              ||     6
Dodge: Dodged            ||    23

Table legend: (Time is in decaauts)
 A = Elapsed time spent in this place.
 B = Non-inter-level travel time spent in this place.
 C = Inter-level travel time spent in this place.
 D = Time resting spent in this place.
 E = Time spent auto-exploring this place.
 F = Levels seen in this place.
 G = Mean time per level.
                   A        B        C        D        E       F      G
               +--------+--------+--------+--------+--------+-----+--------+
         Total |   2394 |   2317 |     77 |    688 |   1379 |   2 | 1197.0 |
       Dungeon |   2394 |   2317 |     77 |    688 |   1379 |   2 | 1197.0 |
               +--------+--------+--------+--------+--------+-----+--------+

Top non-repeatable levels by time:
     D:1: 1365 daAuts
     D:2: 1028 daAuts
